 Dungeon Crawl Stone Soup version 0.31-a0-369-g8eba5f6939 (webtiles) character file.

Game seed: 8144747726778655400

2 drugrobin the Sneak (level 1, -4/18 HPs)
             Began as a Demigod Delver on July 29, 2023.
             Slain by an orc
             ... wielding a +0 club
              (5 damage)
             ... on level 5 of the Dungeon.
             The game lasted 00:00:13 (17 turns).

drugrobin the Sneak (Demigod Delver)                  Turns: 17, Time: 00:00:14

Health: -4/18      AC:  3    Str: 13    XL:     1   Next: 20%
Magic:  3/3        EV: 12    Int: 12    God:
Gold:   0          SH:  0    Dex: 15    Spells: 0/0 levels left

rFire   . . .        a - +0 hand axe
rCold   . . .        (no shield)
rNeg    . . .        b - +0 leather armour
rPois   .            (no helmet)
rElec   .            (no cloak)
rCorr   .            (no gloves)
SInv    .            (no boots)
Will    .....        (no amulet)
Stlth   +++          (no ring)
HPRegen 0.23/turn    (no ring)
MPRegen 0.08/turn

%: no passive effects
@: no status effects
A: high MP 1, forlorn, divine attributes
a: no special abilities


You were on level 5 of the Dungeon.
You visited 1 branch of the dungeon, and saw 1 of its levels.

Inventory:

Hand Weapons
 a - a +0 hand axe (weapon)
Armour
 b - a +0 leather armour (worn)
Wands
 g - a wand of digging (3)
 h - a wand of flame (15)
Scrolls
 c - a scroll of fog
 d - a scroll of revelation
 e - a scroll of fear
Potions
 f - a potion of haste


   Skills:
 + Level 2.7 Fighting
 + Level 1.8 Axes
 + Level 1.8 Dodging
 + Level 4.5 Stealth


You couldn't memorise any spells.
You didn't know any spells.
Your spell library was empty.

Dungeon Overview and Level Annotations

Branches:
Dungeon (5/15)
 Temple: D:4-7


Innate Abilities, Weirdness & Mutations

You have an increased reservoir of magic. (+10% MP)
You shall have no god before yourself.
Your divine heritage dramatically boosts your attributes as you level up.


Message History

The orc hits you with a +0 club.
Unknown command.
Unknown command.
You closely miss the orc.
The orc is severely wounded.
The orc hits you but does no damage.
Unknown command.
Unknown command.
You hit the orc but do no damage.
The orc is heavily wounded.
The orc closely misses you.
Unknown command.
You hit the orc.
The orc is lightly wounded.
Unknown command.
You barely miss the orc.
The orc is lightly wounded.
You hit the orc. The orc hits you with a +0 club. The orc barely misses you.
Unknown command.
Unknown command.
You closely miss the orc.
The orc is lightly wounded.
You hit the orc but do no damage. You barely miss the orc.
The orc hits you with a +0 mace. The orc barely misses you.
The orc closely misses you.
Unknown command.
Unknown command.
You slash the orc!
You kill the orc!
You closely miss the orc. x2; The orc hits you with a +0 mace.
The orc hits you with a +0 club.
* * * LOW HITPOINT WARNING * * *
Unknown command.
Unknown command.
You barely miss the orc.
The orc is severely wounded.
You hit the orc. The orc hits you with a +0 mace.
* * * LOW HITPOINT WARNING * * *
The orc hits you with a +0 club.
You die...

#.# #.## ####. ##..#
##.....
#####.>.##......
...............##
...........#....##..
...................#
.###.......o).......
>........o@###..
..........###
.........##
.....#...# <.......#
......... .....#.
...####


You could see 2 orcs.

Vanquished Creatures
  An orc (D:5)
1 creature vanquished.

Notes
Turn   | Place    | Note
-------+----------+-------------------------------------------
     0 | D:5      | drugrobin the Demigod Delver began the quest for the Orb.
     0 | D:5      | Reached XP level 1. HP: 18/18 MP: 3/3
    17 | D:5      | Slain by an orc

Illustrated notes

Levels and vault maps discovered:
D:5:      gammafunk_steamed_eel, layout_layer_cave,
          nicolae_dithmenos_shadow_blocks

Action                     || total
---------------------------++-------
  Melee: Hand axe          ||     9
 Armour: Leather armour    ||     1
  Dodge: Dodged            ||     4

Table legend: (Time is in decaauts)
 A = Elapsed time spent in this place.
 B = Non-inter-level travel time spent in this place.
 C = Inter-level travel time spent in this place.
 D = Time resting spent in this place.
 E = Time spent auto-exploring this place.
 F = Levels seen in this place.
 G = Mean time per level.
                   A        B        C        D        E       F      G
               +--------+--------+--------+--------+--------+-----+--------+
         Total |     18 |     18 |      0 |      0 |      0 |   1 |   18.0 |
       Dungeon |     18 |     18 |      0 |      0 |      0 |   1 |   18.0 |
               +--------+--------+--------+--------+--------+-----+--------+

Top non-repeatable levels by time:
     D:5: 18 daAuts
